 Dungeon Crawl Stone Soup version 0.30-a0-639-g3916f1956a (webtiles) character file.

Game seed: 16201525620586549858

277 wormed the Changer (level 6, 0/39 HPs)
             Began as an Octopode Transmuter on Jan 15, 2023.
             Slain by a scorpion (7 damage)
             ... on level 3 of the Dungeon.
             The game lasted 00:03:10 (2779 turns).

wormed the Changer (Octopode Transmuter)            Turns: 2779, Time: 00:03:11

Health: 0/39       AC:  1    Str:  9    XL:     6   Next: 26%
Magic:  10/10      EV: 13    Int: 17    God:
Gold:   129        SH:  0    Dex: 13    Spells: 3/10 levels left

rFire   . . .      SeeInvis .      - Unarmed
rCold   . . .      Faith    .    (no shield)
rNeg    . . .      Spirit   .    (helmet restricted)
rPois   .          Reflect  .    (no amulet)
rElec   .          Harm     .    (no ring)
rCorr   .          Rampage  .    (no ring)
Will    .....                    (no ring)
Stlth   ++                       (no ring)
HPRegen 0.26/turn                (no ring)
MPRegen 0.12/turn                (no ring)
                                 (no ring)
                                 (no ring)

@: lethally poisoned (0 -> -16)
A: almost no armour, amphibious, 8 rings, camouflage 1, gelatinous body 1,
(nimble swimmer 1), tentacles
a: no special abilities


You were on level 3 of the Dungeon.
You visited 1 branch of the dungeon, and saw 3 of its levels.

You collected 129 gold pieces.

Inventory:

Potions
 a - a potion of lignification
 c - a potion of attraction {unknown}


   Skills:
 + Level 2.3 Fighting
 + Level 3.0 Dodging
 + Level 3.6 Unarmed Combat
 + Level 2.9 Spellcasting
 * Level 3.7 Transmutations
 + Level 2.0 Ice Magic


You had 3 spell levels left.
You knew the following spells:

 Your Spells              Type           Power      Damage    Failure   Level
a - Beastly Appendage     Tmut           30%        N/A       3%          1
b - Wereblood             Tmut           15%        N/A       6%          2
c - Ice Form              Ice/Tmut       12%        N/A       47%         4

Your spell library contained the following spells:

 Spells                   Type           Power      Damage    Failure   Level
 Ensorcelled Hibernation  Hex/Ice        10%        N/A       19%         2
 Frozen Ramparts          Ice            18%        1d3       22%         3
 Spider Form              Tmut/Pois      8%         N/A       24%         3
 Portal Projectile        Hex/Tloc       4%         N/A       47%         3
 Tukima's Dance           Hex            2%         N/A       47%         3
 Blade Hands              Tmut           7%         N/A       71%         5
 Summon Ice Beast         Ice/Summ       5%         N/A       75%         4
 Anguish                  Hex/Necr       1%         N/A       87%         4


Dungeon Overview and Level Annotations

Branches:
Dungeon (3/15)

Altars:


Innate Abilities, Weirdness & Mutations

You cannot wear most types of armour.
You are amphibious.
You can wear up to eight rings at the same time.
Your skin changes colour to match your surroundings (Stealth+).
Your rubbery body absorbs attacks. (AC +1, EV +1)
((You are camouflaged when in or above water. (Stealth+)))
You have tentacles for arms and can constrict up to eight enemies at once.


Message History

You are poisoned.
The scorpion poisons you!
You tentacle-slap the scorpion but do no damage.
Your grab misses the scorpion. Your squeeze misses the scorpion.
You feel sick. The scorpion stings you.
You tentacle-slap the scorpion but do no damage.
You grab the scorpion. You squeeze the scorpion.
The scorpion is lightly wounded.
You constrict the scorpion, but do no damage.
You feel sick. The scorpion stings you.
You tentacle-slap the scorpion.
The scorpion is lightly wounded.
You constrict the scorpion.
You feel sick. The scorpion closely misses you.
You tentacle-slap the scorpion but do no damage.
The scorpion is moderately wounded.
You constrict the scorpion, but do no damage.
You feel sick. The scorpion stings you.
You tentacle-slap the scorpion.
The scorpion is heavily wounded.
You constrict the scorpion.
You feel sick. The scorpion stings you.
You tentacle-slap the scorpion.
The scorpion is severely wounded.
You constrict the scorpion.
You feel sick. The scorpion stings you.
You are more poisoned.
The scorpion poisons you!
You tentacle-slap the scorpion.
The scorpion is almost dead.
You constrict the scorpion, but do no damage.
You feel sick. The scorpion stings you. x2
* * * LOW HITPOINT WARNING * * *
You are lethally poisoned!
The scorpion poisons you!
You are too injured to fight recklessly!
You tentacle-slap the scorpion.
The scorpion is almost dead.
You constrict the scorpion, but do no damage.
* * * LOW HITPOINT WARNING * * *
You feel very sick. The scorpion stings you!
You die...

. ###########..###...#
########..##...#
#...........####
#............#
#....).......####
#..............#.
########...........##...
...................'.>.#
......s@.?...).....##'##
........$.######..).....
..........# #.#######
..........# #..# #.
..........# #..## ##.
..........# ##..# #..
..........# ##†###.#
########### #..#..#
##...##


You could see a scorpion.

Vanquished Creatures
  Grinder (D:3)
  A gnoll (D:2)
  3 adders
  A dart slug (D:1)
  7 bats
  3 endoplasms
  A giant cockroach (D:3)
  A goblin (D:1)
  4 hobgoblins
  2 jackals (D:2)
  A quokka (D:3)
  5 ball pythons
  7 frilled lizards
  3 kobolds
  4 rats
44 creatures vanquished.

Notes
Turn   | Place    | Note
-------+----------+-------------------------------------------
     0 | D:1      | wormed the Octopode Transmuter began the quest for the Orb.
     0 | D:1      | Reached XP level 1. HP: 13/13 MP: 3/3
   102 | D:1      | Reached XP level 2. HP: 11/18 MP: 3/5
  1109 | D:2      | Learned a level 2 spell: Wereblood
  1116 | D:2      | Reached XP level 3. HP: 10/23 MP: 2/6
  1526 | D:2      | Reached skill level 1 in Ice Magic
  1736 | D:3      | Reached XP level 4. HP: 21/28 MP: 1/7
  1883 | D:2      | Learned a level 4 spell: Ice Form
  2287 | D:3      | Noticed Grinder
  2344 | D:3      | Paralysed by Grinder for 3 turns
  2353 | D:3      | Killed Grinder
  2354 | D:3      | Reached XP level 5. HP: 22/34 MP: 4/9
  2354 | D:3      | Reached XP level 6. HP: 26/39 MP: 4/10
  2779 | D:3      | Slain by a scorpion

Illustrated notes

Levels and vault maps discovered:
D:1:      minmay_arrival_jagged, layout_basic
D:2:      layout_basic
D:3:      layout_basic, serial_curves, eino_curves_02, eino_curves_03,
          eino_curves_04, minmay_checkerbox, uniq_grinder

Skill      XL: |  1  2  3  4  5  6 |
---------------+-------------------+-----
Ice Magic      | 1 2 |  2.0
Fighting       | 2 |  2.3
Dodging        | 3 |  3.0
Transmutations | 3 |  3.7
Unarmed Combat | |  3.6
Spellcasting   | |  2.9

Action                   |  1- 3 |  4- 6 || total
-------------------------+-------+-------++-------
Melee: Unarmed           |    64 |    39 ||   103
       Constrict         |    22 |     6 ||    28
       Tentacles         |     9 |     6 ||    15
       Kick              |    18 |     3 ||    21
       Punch             |     1 |       ||     1
 Cast: Beastly Appendage |    22 |     7 ||    29
       Wereblood         |     9 |     8 ||    17
       Ice Form          |       |     2 ||     2
  Use: Scroll            |     7 |     1 ||     8
 Stab: Sleeping          |     3 |       ||     3
Armor: Skin              |     7 |     4 ||    11
Dodge: Dodged            |    54 |    24 ||    78

Table legend: (Time is in decaauts)
 A = Elapsed time spent in this place.
 B = Non-inter-level travel time spent in this place.
 C = Inter-level travel time spent in this place.
 D = Time resting spent in this place.
 E = Time spent auto-exploring this place.
 F = Levels seen in this place.
 G = Mean time per level.
                   A        B        C        D        E       F      G
               +--------+--------+--------+--------+--------+-----+--------+
         Total |   2773 |   2665 |    108 |      0 |   2217 |   3 |  924.3 |
       Dungeon |   2773 |   2665 |    108 |      0 |   2217 |   3 |  924.3 |
               +--------+--------+--------+--------+--------+-----+--------+

Top non-repeatable levels by time:
     D:2: 948 daAuts
     D:1: 941 daAuts
     D:3: 884 daAuts
